Map: Echo LE (Void)

Players

Matiz

  • Race: Zerg Zerg
  • League: Master

ArT

  • Race: Zerg Zerg
  • League: Master

Nedi (ArT)

  • Race: Protoss Protoss
  • League: Master

Rodzyn

  • Race: Protoss Protoss
  • League: Master

VOD

Have the link to the VOD?

Description

Time

  • Played on: Nov. 26, 2016, 1:36 p.m.
  • Length: 12:55
Show
View Real Time Build Order
Export as new Build Order

Matiz Zerg 

Build Orders: Hatch First 

Get SALT Encoding   

  12  0:01  Drone  
  13  0:14  Overlord  
  13  0:17  Drone  
  14  0:27  Drone, Extractor  
  15  0:32  Drone  
  16  0:36  Drone  
  17  0:54  Hatchery  
  17  0:56  Drone  
  17  0:59  Drone  
  18  1:12  Spawning Pool  
  18  1:14  Extractor  
  18  1:17  Drone  
  17  1:20  Drone  
  18  1:29  Drone  
  19  1:45  Hatchery  
  18  1:47  Drone  
  18  1:51  Drone  
  20  2:02  Queen  
  20  2:07  Queen  
  24  2:12  Drone  
  24  2:13  Drone  
  26  2:19  Overlord  
  26  2:24  Drone  
  26  2:25  Drone  
  28  2:31  Metabolic Boost  
  28  2:37  Drone  
  28  2:38  Drone  
  28  2:39  Drone  
  31  2:48  Zergling x2  
  31  2:50  Zergling x2  
  33  2:55  Zergling x2  
  33  2:58  Queen, Overlord  
  34  3:02  Drone  
  37  3:07  Drone  
  37  3:08  Drone  
  39  3:14  Drone x3  
  42  3:21  Overlord  
  42  3:23  Drone x2  
  42  3:24  Drone x3  
  47  3:33  Drone x3  
  50  3:44  Lair, Drone x2  
  50  3:45  Drone x2  
  50  3:46  Drone  
  55  3:49  Overlord  
  55  3:51  Drone  
  55  3:55  Overlord  
  56  3:57  Extractor  
  56  3:58  Roach Warren  
  56  4:01  Extractor  
  53  4:03  Drone x2  
  53  4:05  Drone x2  
  53  4:06  Drone  
  58  4:12  Overlord  
  58  4:13  Drone  
  58  4:14  Queen  
  61  4:17  Queen  
  61  4:20  Drone x2  
  65  4:25  Drone x4  
  65  4:30  Spore Crawler  
  68  4:31  Drone  
  68  4:35  Extractor  
  68  4:41  Roach  
  68  4:42  Roach x5  
  80  4:46  Roach  
  80  4:50  Overlord  
  80  4:51  Overlord  
  82  4:56  Evolution Chamber  
  82  4:58  Overseer  
  82  4:59  Overlord x2  
  81  5:05  Overlord  
  81  5:10  Extractor  
  80  5:20  Drone x6  
  86  5:24  Drone  
  86  5:25  Drone x6  
  86  5:27  Hatchery  
  86  5:28  Zerg Melee Weapons Level 1  
  90  5:37  Overlord  
  90  5:39  Drone  
  90  5:43  Hatchery, Baneling Nest  
  90  5:47  Drone  
  90  5:48  Roach x4  
  98  5:55  Hatchery  
  98  5:56  Zergling x4  
  99  5:57  Extractor  
  99  6:01  Glial Reconstitution  
  99  6:05  Overlord  
  98  6:11  Drone x4  
  98  6:12  Drone  
  98  6:16  Roach x5  
  98  6:17  Roach  
  110  6:21  Overseer  
  106  6:33  Queen  
  106  6:34  Roach x2  
  106  6:36  Centrifical Hooks  
  106  6:38  Infestation Pit  
  106  6:39  Queen  
  106  6:40  Drone x4  
  109  6:51  Drone  
  109  6:52  Ravager x2, Drone  
  111  6:56  Hatchery  
  110  7:04  Roach x5  
  110  7:05  Drone x2  
  110  7:06  Drone x6  
  120  7:09  Drone x4  
  122  7:17  Overlord  
  122  7:20  Hive  
  122  7:37  Zerg Melee Weapons Level 2  
  122  7:38  Infestor x3  
  122  7:44  Zergling x22  
  129  7:48  Overlord x2  
  139  7:57  Zergling x10  
  144  7:59  Overlord x2, Extractor  
  144  8:00  Spire, Overlord, Extractor  
  141  8:12  Zergling x18  
  150  8:17  Overseer  
  150  8:20  Overlord  
  141  8:34  Zergling x2  
  141  8:35  Zergling x24  
  141  8:36  Baneling x5  
  141  8:37  Baneling x5, Ravager  
  141  8:38  Ravager x12  
  161  9:01  Hatchery  
  161  9:02  Adrenal Glands  
  159  9:03  Hatchery  
  156  9:20  Zergling x10  
  156  9:21  Zergling x22  
  169  9:26  Baneling x7  
  169  9:27  Baneling x9  
  169  9:31  Greater Spire  
  169  9:40  Queen x2  
  169  9:41  Overlord  
  155  10:15  Corruptor x2  
  155  10:16  Corruptor x2  
  155  10:18  Queen x2  
  153  10:38  Zergling x2  
  153  10:39  Zergling x38  
  167  11:04  Drone x2  
  167  11:05  Drone x4  
  167  11:07  Overlord x3  
  167  11:09  Pneumatized Carapace  
  173  11:14  Baneling x6  
  173  11:15  Baneling x3  
  173  11:19  Baneling x6  
  173  11:20  Baneling x2  
  173  11:36  Brood Lord x4  
  181  11:43  Hatchery  
  179  11:48  Overlord  
  145  12:02  Baneling x3  
  145  12:05  Zergling x26  
  145  12:06  Zergling x2  
  123  12:11  Zergling x2  
  123  12:12  Zergling x6  
  102  12:20  Zergling x8  
  93  12:28  Baneling x2  
  93  12:29  Baneling x3  
  87  12:36  Zergling x4  
Show
View Real Time Build Order
Export as new Build Order

ArT Zerg 

Build Orders:  

Get SALT Encoding   

  12  0:01  Probe (Chrono Boost)  
  13  0:11  Probe (Chrono Boost)  
  14  0:19  Pylon  
  14  0:22  Probe (Chrono Boost)  
  15  0:37  Probe (Chrono Boost)  
  16  0:44  Gateway  
  16  0:46  Assimilator  
  16  0:48  Probe (Chrono Boost)  
  17  0:59  Probe (Chrono Boost)  
  18  1:09  Probe (Chrono Boost)  
  19  1:23  Nexus  
  19  1:25  Probe (Chrono Boost)  
  20  1:35  Cybernetics Core  
  20  1:38  Probe (Chrono Boost)  
  21  1:45  Assimilator  
  21  1:49  Probe (Chrono Boost)  
  21  1:53  Pylon  
  22  1:59  Probe (Chrono Boost)  
  23  2:13  Mothership Core (Chrono Boost), Warp Gate  
  25  2:17  Adept  
  27  2:31  Probe (Chrono Boost)  
  27  2:35  Probe (Chrono Boost)  
  29  2:39  Twilight Council  
  29  2:41  Probe (Chrono Boost)  
  30  2:46  Probe (Chrono Boost)  
  31  2:52  Probe (Chrono Boost)  
  31  2:56  Probe (Chrono Boost)  
  33  2:59  Robotics Facility  
  33  3:02  Probe (Chrono Boost)  
  34  3:07  Probe (Chrono Boost)  
  35  3:13  Probe (Chrono Boost)  
  35  3:17  Probe (Chrono Boost)  
  35  3:19  Gateway  
  37  3:24  Dark Shrine  
  37  3:25  Probe (Chrono Boost)  
  38  3:28  Probe (Chrono Boost)  
  38  3:32  Pylon  
  39  3:36  Probe (Chrono Boost)  
  39  3:38  Probe (Chrono Boost)  
  41  3:41  Warp Prism  
  43  3:50  Probe (Chrono Boost)  
  43  3:51  Probe (Chrono Boost)  
  43  3:52  Gateway  
  45  3:56  Gateway  
  45  4:00  Probe (Chrono Boost)  
  47  4:03  Probe (Chrono Boost), Assimilator  
  47  4:06  Assimilator  
  47  4:10  Pylon  
  47  4:11  Probe (Chrono Boost)  
  47  4:15  Probe (Chrono Boost), Warp Prism  
  49  4:22  Probe (Chrono Boost)  
  52  4:27  Probe (Chrono Boost)  
  52  4:29  Zealot, Adept  
  57  4:40  Pylon  
  57  4:50  Dark Templar  
  57  4:51  Dark Templar  
  61  4:58  Dark Templar  
  61  4:59  Dark Templar  
  65  5:04  Nexus  
  65  5:06  Archon x2  
  65  5:08  Pylon  
  66  5:21  Probe (Chrono Boost)  
  66  5:23  Probe (Chrono Boost)  
  66  5:25  Dark Templar  
  69  5:29  Dark Templar, Pylon  
  69  5:31  Dark Templar x2  
  69  5:32  Probe (Chrono Boost)  
  69  5:35  Archon  
  76  5:36  Archon  
  76  5:39  Probe (Chrono Boost), Observer  
  76  5:40  Forge  
  78  5:49  Probe (Chrono Boost)  
  79  5:52  Pylon  
  79  5:53  Probe (Chrono Boost)  
  80  6:01  Probe (Chrono Boost)  
  81  6:07  Probe (Chrono Boost)  
  81  6:10  Protoss Ground Weapons Level 1  
  82  6:13  Probe (Chrono Boost)  
  82  6:17  Probe (Chrono Boost)  
  85  6:19  Probe (Chrono Boost)  
  85  6:20  Charge  
  85  6:21  Immortal  
  85  6:25  Probe (Chrono Boost)  
  86  6:28  Probe (Chrono Boost)  
  92  6:34  Probe (Chrono Boost)  
  92  6:37  Probe (Chrono Boost)  
  92  6:38  Sentry x2  
  97  6:40  Probe (Chrono Boost)  
  97  6:45  Pylon  
  97  6:46  Probe (Chrono Boost)  
  95  6:47  Pylon  
  95  6:52  Gateway  
  95  6:53  Gateway x2  
  96  6:55  Probe (Chrono Boost), Gateway  
  96  6:56  Probe (Chrono Boost)  
  96  6:58  Probe (Chrono Boost)  
  98  7:07  Probe (Chrono Boost)  
  98  7:08  Probe (Chrono Boost)  
  97  7:16  Immortal, Probe (Chrono Boost)  
  97  7:18  Assimilator x2  
  97  7:19  Zealot x4  
  109  7:29  Pylon  
  109  7:36  Pylon  
  109  7:37  Pylon  
  109  7:39  Pylon  
  109  7:41  Photon Cannon  
  109  7:42  Pylon  
  109  7:45  Templar Archives  
  109  7:47  Dark Templar x3  
  109  7:49  Protoss Ground Weapons Level 2  
  109  7:50  Immortal  
  109  7:51  Dark Templar  
  117  7:53  Archon  
  117  7:55  Archon  
  121  8:03  Zealot x4  
  129  8:23  Nexus  
  129  8:24  Zealot x5  
  129  8:25  Pylon  
  139  8:28  High Templar x2  
  139  8:30  Immortal  
  139  8:32  Archon  
  139  8:33  Pylon  
  147  8:50  High Templar x2  
  147  8:51  Zealot x4  
  147  8:55  Archon  
  159  9:01  Gateway  
  155  9:03  Gateway  
  155  9:05  High Templar x2  
  155  9:09  Archon  
  157  9:14  Zealot x4  
  165  9:24  High Templar x2, Assimilator  
  159  9:28  Archon  
  159  9:30  Assimilator  
  159  9:32  Photon Cannon  
  159  9:35  Photon Cannon  
  159  9:37  Pylon  
  159  9:38  High Templar x2  
  159  9:40  Zealot x3  
  159  9:42  Photon Cannon  
  159  9:43  Zealot, Archon  
  173  9:45  Probe x2 (Chrono Boost)  
  173  9:46  Probe (Chrono Boost)  
  173  9:49  Probe (Chrono Boost)  
  173  9:50  Photon Cannon  
  173  9:58  Probe (Chrono Boost)  
  173  9:59  Blink  
  168  10:02  Zealot x3  
  174  10:07  Stalker x2  
  174  10:09  Observer  
  174  10:11  Zealot  
  174  10:12  Zealot  
  174  10:13  Zealot  
  179  10:18  Zealot x2  
  179  10:32  Psionic Storm  
  179  10:34  High Templar x2  
  179  10:35  High Templar x2  
  172  10:36  Zealot x4  
  172  10:38  Probe (Chrono Boost)  
  172  10:40  Probe (Chrono Boost)  
  172  10:41  Archon  
  168  10:58  Dark Templar  
  168  10:59  Dark Templar, Zealot x4  
  168  11:03  Warp Prism, Archon  
  172  11:12  Archon  
  172  11:20  Dark Templar x2  
  172  11:21  Dark Templar  
  172  11:23  Dark Templar  
  176  11:26  Archon  
  176  11:27  Archon  
  176  11:30  Zealot x4  
  184  11:32  Dark Templar  
  184  11:33  Dark Templar  
  184  11:36  Archon  
  160  11:55  Nexus  
  154  12:02  Zealot x5  
  154  12:03  Zealot x3  
  156  12:19  Stalker x2  
  156  12:22  Stargate  
  158  12:24  Stalker x3  
  158  12:25  Pylon, Stalker x4  
  158  12:26  Stalker  
  161  12:42  Zealot x2  
Show
View Real Time Build Order
Export as new Build Order

Nedi Protoss 

Build Orders:  

Get SALT Encoding   

Show
View Real Time Build Order
Export as new Build Order

Rodzyn Protoss 

Build Orders:  

Get SALT Encoding   

Tags
 
Add a new tag
Caveats
  • Supply blocks, unpowered buildings, or Contaminate may cause inaccurate times.
  • Supply counts are checked every 10 seconds.